 Dungeon Crawl Stone Soup version 0.27-a0-1555-g0e7b3fb1d2 (webtiles) character file.

Game seed: 2003225400503687930

1571 quinnr the Zephyrmancer (level 8, -1/48 HPs)
             Began as a Tengu Air Elementalist on July 14, 2021.
             Slain by a vampire mosquito (7 damage)
             ... on level 6 of the Dungeon.
             The game lasted 00:13:32 (8213 turns).

quinnr the Zephyrmancer (Tengu Air Elementalist)    Turns: 8213, Time: 00:13:32

Health: -1/48      AC:  2    Str: 10    XL:     8   Next: 90%
Magic:  3/13       EV: 15    Int: 17    God:
Gold:   238        SH:  5    Dex: 14    Spells: 3/13 levels left

rFire    . . .     SeeInvis .   w - staff of poison
rCold    . . .     Faith    .   (no shield)
rNeg     . . .     Spirit   .   a - +0 robe
rPois    +         Reflect  +   (helmet restricted)
rElec    .         Harm     .   (no cloak)
rCorr    .         Rampage  .   (no gloves)
Will     .....                  (boots unavailable)
Stlth    ++........             n - amulet of reflection
HPRegen  0.16/turn              (no ring)
MPRegen  0.13/turn              (no ring)

@: mighty, flying quickly and evasively, quick
A: beak, talons 3, nimble flight
a: no special abilities


You were on level 6 of the Dungeon.
You visited 1 branch of the dungeon, and saw 6 of its levels.

You collected 262 gold pieces.
You spent 24 gold pieces at shops.

Inventory:

Hand Weapons
 s - a +0 dagger of venom
Missiles
 u - 3 boomerangs
Armour
 a - a +0 robe (worn)
Magical Staves
 w - a staff of poison (weapon)
Jewellery
 n - an amulet of reflection (around neck)
 p - an amulet of faith
 q - a ring of fire
 r - a ring of wizardry
Wands
 x - a wand of charming (12)
Scrolls
 c - a scroll of enchant armour {unknown}
 f - 2 scrolls of vulnerability {unknown}
 j - 5 scrolls of identify
 l - a scroll of magic mapping {unknown}
 o - 2 scrolls of amnesia {unknown}
 v - a scroll of enchant weapon {unknown}
Potions
 b - a potion of brilliance {unknown}
 d - 2 potions of magic
 e - 3 potions of flight
 g - a potion of curing {unknown}
 h - a potion of lignification {unknown}
 i - a potion of degeneration
 k - 2 potions of might
 m - a potion of cancellation {unknown}
 t - a potion of attraction {unknown}
 z - a potion of haste {unknown}


   Skills:
 - Level 4.0 Fighting
 + Level 3.0 Dodging
 - Level 2.0 Stealth
 * Level 3.0 Spellcasting
 - Level 3.0 Conjurations
 + Level 12.2 Air Magic
 - Level 1.0 Poison Magic


You had 3 spell levels left.
You knew the following spells:

 Your Spells              Type           Power      Damage    Failure   Level
a - Shock                 Conj/Air       100%       1d9       1%          1
b - Airstrike             Air            22%        N/A       1%          4
c - Mephitic Cloud        Conj/Pois/Air  31%        N/A       6%          3
d - Poisonous Vapours     Pois/Air       74%        N/A       1%          2

Your spell library contained the following spells:

 Spells                   Type           Power      Damage    Failure   Level
 Static Discharge         Conj/Air       28%        N/A       1%          2
 Swiftness                Air            44%        N/A       1%          3
 Magic Dart               Conj           48%        1d5       4%          1
 Sting                    Tmut/Pois      24%        1d4       14%         1
 Call Imp                 Summ           2%         N/A       26%         2
 Gell's Gravitas          Tloc           1%         N/A       45%         3
 Teleport Other           Tloc           2%         N/A       45%         3
 Olgreb's Toxic Radiance  Pois           8%         N/A       75%         4
 Dispersal                Tloc           1%         N/A       100%        6


Dungeon Overview and Level Annotations

Branches:
Dungeon (6/15)
 Temple: D:4-7

Altars:
Ashenzari
Cheibriados
Elyvilon
Gozag
Kikubaaqudgha
Uskayaw
The Shining One

Shops:
D:2 ?


Innate Abilities, Weirdness & Mutations

You have a beak for a mouth.
You have claws for feet.
Your magical nature lets you fly swiftly and evasively.


Message History

The vampire mosquito draws strength from your injuries!
Casting: Airstrike (dangerous; 1% risk of failure)
Confirm with . or Enter, or press ? or * to list all spells.
You don't have enough magic to cast this spell.
Unknown command.
You are too injured to fight recklessly!
You are too injured to fight recklessly!
Unknown command.
Aiming: Charm
Press: ? - help, Shift-Dir - straight line, f/p - vampire mosquito
Aim: a vampire mosquito (heavily damaged, chance to affect: 46%)
Okay, then.
Okay, then.
Okay, then.
You hit the vampire mosquito. You peck the vampire mosquito.
The vampire mosquito is heavily damaged.
The vampire mosquito bites you but does no damage.
The vampire mosquito bites you.
The vampire mosquito draws strength from your injuries!
You miss the vampire mosquito.
The vampire mosquito is heavily damaged.
The vampire mosquito bites you!
* * * LOW HITPOINT WARNING * * *
The vampire mosquito draws strength from your injuries!
The vampire mosquito barely misses you. The vampire mosquito misses you.
The vampire mosquito misses you.
You block the vampire mosquito's attack.
The vampire mosquito barely misses you. The vampire mosquito bites you.
* * * LOW HITPOINT WARNING * * *
The vampire mosquito draws strength from your injuries!
Press: ? - help, v - describe, . - travel
Here: a vampire mosquito (heavily damaged)
The floor.
Unknown command.
It was a potion of might.
You feel very mighty all of a sudden. The vampire mosquito bites you!
You die...

##>..............'.
#......###########.
#......### #.
#........# ##
####†##....#
#....##....#
#....####### #....#
##...@#
#....y#############
#..................
#....##############
#.#### #.# #.# #.#
#.#


You could see a vampire mosquito.

Vanquished Creatures
  A sky beast (D:6)
  2 necrophages
  An ice beast (D:5)
  2 ogres
  A phantom (D:5)
  2 scorpions
  2 howler monkeys
  5 hounds
  2 bullfrog skeletons
  2 iguanas
  3 orc priests
  A centaur skeleton (D:4)
  5 orc wizards (D:4)
  A scorpion zombie (D:5)
  4 gnolls (D:4)
  10 adders
  A shadow imp (D:4)
  A white imp (D:6)
  An ufetubus (D:4)
  A worm (D:5)
  3 dart slugs
  17 orcs
  4 bats
  4 endoplasms
  4 giant cockroaches
  8 goblins
  9 hobgoblins
  3 jackals (D:2)
  3 kobolds
  A quokka (D:4)
  8 ball pythons
  A frilled lizard (D:1)
  4 rats
117 creatures vanquished.

Notes
Turn   | Place    | Note
-------+----------+-------------------------------------------
     0 | D:1      | quinnr the Tengu Air Elementalist began the quest for the
                  | Orb.
     0 | D:1      | Reached XP level 1. HP: 10/10 MP: 4/4
    88 | D:1      | quinnr: !lg * won TeAE -log
    88 | D:1      | beem: 462. Kallus, XL27 TeAE, T:181524:
                  | https://crawl.kelbi.org/crawl/morgue/Kallus/morgue-Kallus-2
                  | 0210712-205727.txt
   532 | D:1      | Reached XP level 2. HP: 15/15 MP: 3/6
   663 | D:1      | Reached skill level 5 in Air Magic
  1087 | D:2      | Reached skill level 1 in Fighting
  1087 | D:2      | Reached XP level 3. HP: 20/20 MP: 4/7
  1584 | D:2      | Found a faded altar of an unknown god.
  1651 | D:2      | Found Dakhlios's Magic Scroll Shoppe.
  1657 | D:2      | Bought a scroll of identify for 24 gold pieces
  2442 | D:3      | Reached XP level 4. HP: 26/26 MP: 4/8
  2584 | D:3      | Learned a level 4 spell: Airstrike
  2676 | D:3      | Reached skill level 6 in Air Magic
  3474 | D:4      | Gained mutation: Your magical nature lets you fly swiftly
                  | and evasively. [Tengu growth]
  3474 | D:4      | Reached XP level 5. HP: 30/30 MP: 5/9
  3583 | D:4      | Reached skill level 7 in Air Magic
  3822 | D:4      | Noticed a necrophage
  3843 | D:4      | Killed a necrophage
  3844 | D:4      | Reached XP level 6. HP: 25/35 MP: 1/11
  4072 | D:4      | Reached skill level 8 in Air Magic
  4375 | D:4      | Reached skill level 9 in Air Magic
  4416 | D:4      | Reached XP level 7. HP: 40/40 MP: 9/12
  4931 | D:4      | Learned a level 3 spell: Mephitic Cloud
  5880 | D:5      | Entered Level 5 of the Dungeon
  6180 | D:5      | Reached skill level 1 in Poison Magic
  6180 | D:5      | Reached XP level 8. HP: 48/48 MP: 3/13
  6324 | D:5      | Reached skill level 10 in Air Magic
  6598 | D:5      | Learned a level 2 spell: Poisonous Vapours
  7308 | D:5      | Reached skill level 11 in Air Magic
  7402 | D:5      | Found a snail-covered altar of Cheibriados.
  7403 | D:5      | Found a white marble altar of Elyvilon.
  7403 | D:5      | Found a hide-covered altar of Uskayaw.
  7404 | D:5      | Found a broken altar of Ashenzari.
  7762 | D:6      | Found an opulent altar of Gozag.
  7762 | D:6      | Found a glowing golden altar of the Shining One.
  7762 | D:6      | Found an ancient bone altar of Kikubaaqudgha.
  7784 | D:6      | Reached skill level 12 in Air Magic
  8213 | D:6      | Slain by a vampire mosquito

Illustrated notes

Levels and vault maps discovered:
D:1:      nzn_arrival_depleted_hourglass, layout_basic, serial_corexii_hall,
          corexii_hall_statues_t, chequers_hall_statues_corner_a,
          chequers_hall_statues_y, corexii_hall_statues_x
D:2:      layout_loops_ring, serial_glass, glass_columns_a, glass_columns_a,
          glass_columns_b, glass_columns_a, glass_columns_a, glass_columns_a,
          serial_shops, shop, ebering_ecumenical_altar_webs,
          kennysheep_generic_room_9
D:3:      layout_loops_ring
D:4:      minmay_chambers_of_twos, layout_basic, grunt_ministairs_14,
          minmay_stone_trees_small, small_statue_intersection
D:5:      layout_basic, chequers_temple_overflow_statue_of_worship
D:6:      layout_basic, gammafunk_temple_overflow_claw

Skill      XL: |  1  2  3  4  5  6  7  8 |
---------------+-------------------------+-----
Air Magic      | 5 6 7 9 12 | 12.2
Fighting       | 1 2 4 |  4.0
Spellcasting   | 3 |  3.0
Conjurations   | 3 |  3.0
Poison Magic   | 1 |  1.0
Dodging        | 3 |  3.0
Stealth        | |  2.0

Action                   |  1- 3 |  4- 6 |  7- 9 || total
-------------------------+-------+-------+-------++-------
Melee: Unarmed           |     5 |     8 |       ||    13
       Kick              |     2 |     2 |     4 ||     8
       Peck              |       |     2 |     1 ||     3
       Dagger            |       |       |     7 ||     7
       Staff             |       |       |     9 ||     9
 Cast: Shock             |    66 |    91 |   145 ||   302
       Airstrike         |       |     5 |    22 ||    27
       Poisonous Vapours |       |       |    11 ||    11
       Mephitic Cloud    |       |       |     2 ||     2
  Use: Scroll            |     3 |       |       ||     3
       Potion            |       |       |     1 ||     1
Armor: Robe              |     2 |     3 |     7 ||    12
Dodge: Dodged            |     8 |    18 |    30 ||    56
Block: Other             |       |     3 |     3 ||     6

Table legend: (Time is in decaauts)
 A = Elapsed time spent in this place.
 B = Non-inter-level travel time spent in this place.
 C = Inter-level travel time spent in this place.
 D = Time resting spent in this place.
 E = Time spent auto-exploring this place.
 F = Levels seen in this place.
 G = Mean time per level.
                   A        B        C        D        E       F      G
               +--------+--------+--------+--------+--------+-----+--------+
         Total |   8027 |   7854 |    173 |    818 |   6190 |   6 | 1337.8 |
       Dungeon |   8027 |   7854 |    173 |    818 |   6190 |   6 | 1337.8 |
               +--------+--------+--------+--------+--------+-----+--------+

Top non-repeatable levels by time:
     D:4: 1960 daAuts
     D:5: 1490 daAuts
     D:3: 1436 daAuts
     D:2: 1350 daAuts
     D:1: 1047 daAuts
     D:6: 741 daAuts
